R+ - U24
MISSOULA OSPREY @ CALGARY CANNONS
08/30/2052
 
TOP OF THE 1ST
Idaho Falls Chukars batting - Pitching for Pueblo Indians : RHP Bruce Leal
Pitching: RHP Bruce Leal
Batting: LHB Gustavo Cleto 0-0: Ball
1-0: Foul Ball, location: 2F
1-1: Ball
2-1: Called Strike
2-2: Ball
3-2: Hit by Pitch
Batting: RHB Deshawn Hall 0-0: Called Strike
0-1: Foul Ball, location: 2F
0-2: Ball
1-2: Fly out, F3 (Popup, 3, EV 81.2 MPH)
Batting: LHB Brett Sidebottom 0-0: Ball
1-0: Foul Ball, location: 2F
1-1: Ball
2-1: Fly out, F5 (Flyball, 5D, EV 75.6 MPH)
Batting: SHB O.K. Glascock 0-0: Fly out, F7 (Flyball, 7LD, EV 99.4 MPH)
Top of the 1st over - 0 runs, 0 hits, 0 errors, 1 left on base; Idaho Falls 0 - Pueblo 0
BOTTOM OF THE 1ST
Pueblo Indians batting - Pitching for Idaho Falls Chukars : RHP Carlos Barahona
Pitching: RHP Carlos Barahona
Batting: LHB Bobby Kent 0-0: Ball
1-0: Called Strike
1-1: Ball
2-1: Ball
3-1: Base on Balls
Batting: LHB Danny Weeks 0-0: Ball
1-0: Ball
2-0: Called Strike
2-1: Fly out, F7 (Flyball, 7S, EV 90.6 MPH)
Batting: LHB Malcolm Ketchum 0-0: Swinging Strike
0-1: Ball
1-1: Called Strike
1-2: Foul Ball, location: 2F
1-2: Foul Ball, location: 2F
1-2: Strikes out swinging
Batting: RHB Doug Cordery 0-0: Ball
1-0: Foul Ball, location: 2F
1-1: Ball
2-1: DOUBLE (Line Drive, 89D, EV 105.6 MPH)
Bobby Kent to third
Batting: RHB Chance Keech 0-0: Ball
1-0: Called Strike
1-1: Called Strike
1-2: Ball
2-2: Foul Ball, location: 2F
2-2: Foul Ball, location: 2F
2-2: Ball
3-2: Fly out, F8 (Line Drive, 8RD, EV 95.6 MPH)
Bottom of the 1st over - 0 runs, 1 hit, 0 errors, 2 left on base; Idaho Falls 0 - Pueblo 0
TOP OF THE 2ND
Idaho Falls Chukars batting - Pitching for Pueblo Indians : RHP Bruce Leal
Batting: LHB Cenk Stillwell 0-0: Ball
1-0: Foul Ball, location: 2F
1-1: Ball
2-1: Swinging Strike
2-2: Strikes out looking
Batting: RHB Chase Sweet 0-0: Swinging Strike
0-1: Ball
1-1: Called Strike
1-2: Foul Ball, location: 2F
1-2: Ball
2-2: Foul Ball, location: 2F
2-2: Ball
3-2: Strikes out swinging
Batting: RHB Curt Kleist 0-0: Ground out 4-3 (Groundball, 4, EV 108.8 MPH)
Top of the 2nd over - 0 runs, 0 hits, 0 errors, 0 left on base; Idaho Falls 0 - Pueblo 0
BOTTOM OF THE 2ND
Pueblo Indians batting - Pitching for Idaho Falls Chukars : RHP Carlos Barahona
Batting: RHB Colin Coughlin 0-0: Called Strike
0-1: Foul Ball, location: 2F
0-2: Foul Ball, location: 2F
0-2: Strikes out swinging
Batting: RHB Max Boisvert 0-0: Ball
1-0: Foul Ball, location: 2F
1-1: Ball
2-1: Ball
3-1: Foul Ball, location: 2F
3-2: Base on Balls
Batting: RHB Cristóbal Rios 0-0: Ball
1-0: Fly out, F8 (Flyball, 8LM, EV 98.8 MPH)
Batting: RHB Edwin Park 0-0: Called Strike
0-1: Fly out, F8 (Flyball, 8LD, EV 93.1 MPH)
Bottom of the 2nd over - 0 runs, 0 hits, 0 errors, 1 left on base; Idaho Falls 0 - Pueblo 0
TOP OF THE 3RD
Idaho Falls Chukars batting - Pitching for Pueblo Indians : RHP Bruce Leal
Batting: SHB Levi Anthony 0-0: Swinging Strike
0-1: Swinging Strike
0-2: Ball
1-2: Foul Ball, location: 2F
1-2: Foul Ball, location: 2F
1-2: Strikes out looking
Batting: RHB Mason Williston 0-0: Ball
1-0: Ball
2-0: Ball
3-0: Base on Balls
Batting: LHB Gustavo Cleto 0-0: Foul Ball, location: 2F
0-1: SINGLE (Line Drive, 8LS, EV 93.8 MPH)
Mason Williston to second
Runner from 2nd tries for 3rd, SAFE, throw by CF made to third
Batting: RHB Deshawn Hall 0-0: Ball
Gustavo Cleto is caught stealing 2nd base 2-4
1-0: Foul Ball, location: 2F
1-1: Swinging Strike
1-2: Ball
2-2: SINGLE (Flyball, 8LS, EV 98.1 MPH)
Mason Williston scores
Batting: LHB Brett Sidebottom 0-0: Called Strike
0-1: Ball
1-1: Swinging Strike
1-2: Ball
2-2: Ball
3-2: Strikes out swinging
Top of the 3rd over - 1 run, 2 hits, 0 errors, 1 left on base; Idaho Falls 1 - Pueblo 0
BOTTOM OF THE 3RD
Pueblo Indians batting - Pitching for Idaho Falls Chukars : RHP Carlos Barahona
Batting: LHB Bobby Kent 0-0: Ball
1-0: Fly out, F4 (Popup, 4M, EV 73.8 MPH)
Batting: LHB Danny Weeks 0-0: Called Strike
0-1: Foul Ball, location: 2F
0-2: Ball
1-2: Foul Ball, location: 2F
1-2: Strikes out swinging
Batting: LHB Malcolm Ketchum 0-0: Ball
1-0: Ball
2-0: Fly out, F2 (Popup, 23F, EV 85.0 MPH)
Bottom of the 3rd over - 0 runs, 0 hits, 0 errors, 0 left on base; Idaho Falls 1 - Pueblo 0
TOP OF THE 4TH
Idaho Falls Chukars batting - Pitching for Pueblo Indians : RHP Bruce Leal
Batting: SHB O.K. Glascock 0-0: Ball
1-0: Ground out 5-3 (Groundball, 56, EV 86.2 MPH)
Batting: LHB Cenk Stillwell 0-0: Ball
1-0: Ball
2-0: Ball
3-0: Swinging Strike
3-1: Foul Ball, location: 2F
3-2: Strikes out swinging
Batting: RHB Chase Sweet 0-0: Ball
1-0: Fly out, F7 (Flyball, 78M, EV 90.0 MPH)
Top of the 4th over - 0 runs, 0 hits, 0 errors, 0 left on base; Idaho Falls 1 - Pueblo 0
BOTTOM OF THE 4TH
Pueblo Indians batting - Pitching for Idaho Falls Chukars : RHP Carlos Barahona
Batting: RHB Doug Cordery 0-0: Foul Ball, location: 2F
0-1: Fly out, F9 (Flyball, 9LD, EV 88.8 MPH)
Batting: RHB Chance Keech 0-0: Fly out, F8 (Flyball, 8LS, EV 72.5 MPH)
Batting: RHB Colin Coughlin 0-0: Ball
1-0: Fly out, F8 (Flyball, 89D, EV 105.0 MPH)
Bottom of the 4th over - 0 runs, 0 hits, 0 errors, 0 left on base; Idaho Falls 1 - Pueblo 0
TOP OF THE 5TH
Idaho Falls Chukars batting - Pitching for Pueblo Indians : RHP Bruce Leal
Batting: RHB Curt Kleist 0-0: Ball
1-0: Foul Ball, location: 2F
1-1: Ball
2-1: Fly out, F8 (Flyball, 89D, EV 93.8 MPH)
Batting: SHB Levi Anthony 0-0: Swinging Strike
0-1: Foul Ball, location: 2F
0-2: Strikes out looking
Batting: RHB Mason Williston 0-0: Ball
1-0: Called Strike
1-1: Foul Ball, location: 2F
1-2: Ball
2-2: Strikes out swinging, 2-3 out at first.
Top of the 5th over - 0 runs, 0 hits, 0 errors, 0 left on base; Idaho Falls 1 - Pueblo 0
BOTTOM OF THE 5TH
Pueblo Indians batting - Pitching for Idaho Falls Chukars : RHP Carlos Barahona
Batting: RHB Max Boisvert 0-0: Fly out, F9 (Line Drive, 9, EV 103.1 MPH)
Batting: RHB Cristóbal Rios 0-0: Ball
1-0: Foul Ball, location: 2F
1-1: Foul Ball, location: 2F
1-2: Strikes out swinging
Batting: RHB Edwin Park 0-0: Foul Ball, location: 2F
0-1: Ball
1-1: Fly out, F3 (Popup, 3SF, EV 76.9 MPH)
Bottom of the 5th over - 0 runs, 0 hits, 0 errors, 0 left on base; Idaho Falls 1 - Pueblo 0
TOP OF THE 6TH
Idaho Falls Chukars batting - Pitching for Pueblo Indians : RHP Bruce Leal
Batting: LHB Gustavo Cleto 0-0: Called Strike
0-1: Ground out 6-3 (Groundball, 6, EV 83.8 MPH)
Batting: RHB Deshawn Hall 0-0: Fly out, F4 (Flyball, 34D, EV 89.4 MPH)
Batting: LHB Brett Sidebottom 0-0: DOUBLE (Line Drive, 9LD, EV 103.8 MPH)
Batting: SHB O.K. Glascock 0-0: Intentional Walk
Pinch Runner at 2nd Skippy Laden:
Batting: LHB Cenk Stillwell 0-0: Foul Ball, location: 2F
0-1: Ball
1-1: Fly out, F7 (Flyball, 78M, EV 90.0 MPH)
Top of the 6th over - 0 runs, 1 hit, 0 errors, 2 left on base; Idaho Falls 1 - Pueblo 0
BOTTOM OF THE 6TH
Pueblo Indians batting - Pitching for Idaho Falls Chukars : RHP Carlos Barahona
Now in RF: Lance Guerra
Batting: LHB Bobby Kent 0-0: Ball
1-0: Called Strike
1-1: Ball
2-1: Ball
3-1: Foul Ball, location: 2F
3-2: Base on Balls
Batting: LHB Danny Weeks 0-0: Ball
1-0: Sac Bunt to 15S - play at first, batter OUT! 1-4
Bobby Kent to second
Batting: LHB Malcolm Ketchum 0-0: Swinging Strike
0-1: Ball
1-1: Ball
2-1: Foul Ball, location: 2F
2-2: Strikes out swinging
Batting: RHB Doug Cordery 0-0: Ball
1-0: Ball
2-0: Foul Ball, location: 2F
2-1: Ball
3-1: Ground out U3 (Groundball, 3, EV 77.5 MPH)
Bottom of the 6th over - 0 runs, 0 hits, 0 errors, 1 left on base; Idaho Falls 1 - Pueblo 0
TOP OF THE 7TH
Idaho Falls Chukars batting - Pitching for Pueblo Indians : RHP Bruce Leal
Batting: RHB Chase Sweet 0-0: Called Strike
0-1: Foul Ball, location: 2F
0-2: Ball
1-2: Foul Ball, location: 2F
1-2: Ball
2-2: Ball
3-2: Foul Ball, location: 2F
3-2: Strikes out looking
Batting: RHB Curt Kleist 0-0: Ground out 4-3 (Groundball, 4MS, EV 70.0 MPH)
Batting: SHB Levi Anthony 0-0: Called Strike
0-1: Fly out, F8 (Flyball, 8RM, EV 92.5 MPH)
Top of the 7th over - 0 runs, 0 hits, 0 errors, 0 left on base; Idaho Falls 1 - Pueblo 0
BOTTOM OF THE 7TH
Pueblo Indians batting - Pitching for Idaho Falls Chukars : RHP Carlos Barahona
Pitching: LHP Leonardo Tavera
Now at SS: Ralondo Muñoz
Batting: RHB Chance Keech 0-0: Called Strike
0-1: Foul Ball, location: 2F
0-2: SINGLE (Groundball, 34, EV 108.1 MPH)
Batting: RHB Colin Coughlin 0-0: Sac Bunt to P - play at first, batter OUT! 1-4
Chance Keech to second
Batting: RHB Max Boisvert 0-0: Called Strike
0-1: Ball
1-1: Called Strike
1-2: Ground out 1-3 (Groundball, 15S, EV 68.8 MPH)
Batting: RHB Cristóbal Rios 0-0: Ball
1-0: Ball
2-0: Called Strike
2-1: Foul Ball, location: 2F
2-2: Ball
3-2: Foul Ball, location: 2F
3-2: Base on Balls
Batting: RHB Edwin Park 0-0: Called Strike
0-1: Called Strike
0-2: Ball
1-2: Ground out 4-3 (Groundball, 4S, EV 82.5 MPH)
Bottom of the 7th over - 0 runs, 1 hit, 0 errors, 2 left on base; Idaho Falls 1 - Pueblo 0
TOP OF THE 8TH
Idaho Falls Chukars batting - Pitching for Pueblo Indians : RHP Bruce Leal
Batting: RHB Mason Williston 0-0: Called Strike
0-1: Ball
1-1: Ball
2-1: Swinging Strike
2-2: Foul Ball, location: 2F
2-2: Strikes out looking
Pitching: RHP Truman Bellanger
Batting: LHB Gustavo Cleto 0-0: Ball
1-0: Called Strike
1-1: Foul Ball, location: 2F
1-2: Ball
2-2: Foul Ball, location: 2F
2-2: Ball
3-2: Foul Ball, location: 2F
3-2: SINGLE (Groundball, 3S, EV 70.0 MPH) (infield hit)
Batting: RHB Deshawn Hall 0-0: Ball
1-0: Grounds into double play, 5-4-3 (Groundball, 5, EV 88.8 MPH)
Top of the 8th over - 0 runs, 1 hit, 0 errors, 0 left on base; Idaho Falls 1 - Pueblo 0
BOTTOM OF THE 8TH
Pueblo Indians batting - Pitching for Idaho Falls Chukars : LHP Leonardo Tavera
Pinch Hitting: RHB Roland Castaneda 0-0: Called Strike
0-1: Foul Ball, location: 2F
0-2: Ball
1-2: Ground out 6-3 (Groundball, 56, EV 103.1 MPH)
Pinch Hitting: SHB Johnny Moore 0-0: Fly out, F8 (Flyball, 8RXD, EV 98.8 MPH)
Batting: LHB Malcolm Ketchum 0-0: Ball
1-0: Ball
2-0: Foul Ball, location: 2F
2-1: Ball
3-1: Fly out, F8 (Flyball, 8RXD, EV 85.0 MPH)
Bottom of the 8th over - 0 runs, 0 hits, 0 errors, 0 left on base; Idaho Falls 1 - Pueblo 0
TOP OF THE 9TH
Idaho Falls Chukars batting - Pitching for Pueblo Indians : RHP Truman Bellanger
Now at 2B: Roland Castaneda
Now in CF: Manny Lucio
Batting: RHB Lance Guerra 0-0: Ball
1-0: Ground out 5-3 (Groundball, 5, EV 100.0 MPH)
Batting: RHB Ralondo Muñoz 0-0: Called Strike
0-1: Ground out 5-3 (Groundball, 56S, EV 72.5 MPH)
Batting: LHB Cenk Stillwell 0-0: Called Strike
0-1: Ball
1-1: Foul Ball, location: 2F
1-2: Ball
2-2: Foul Ball, location: 2F
2-2: Strikes out swinging
Top of the 9th over - 0 runs, 0 hits, 0 errors, 0 left on base; Idaho Falls 1 - Pueblo 0
BOTTOM OF THE 9TH
Pueblo Indians batting - Pitching for Idaho Falls Chukars : LHP Leonardo Tavera
Pitching: RHP Ronaldo Zapata
Batting: RHB Doug Cordery 0-0: Ball
1-0: Fly out, F8 (Flyball, 8LD, EV 100.6 MPH)
Batting: RHB Chance Keech 0-0: Ball
1-0: Called Strike
1-1: Foul Ball, location: 2F
1-2: Strikes out swinging
Batting: RHB Colin Coughlin 0-0: Ball
1-0: Ball
2-0: Foul Ball, location: 2F
2-1: Called Strike
2-2: Ball
3-2: SINGLE (Groundball, 6M, EV 98.1 MPH)
Batting: RHB Max Boisvert 0-0: Ball
1-0: Called Strike
1-1: Called Strike
1-2: Ball
2-2: Strikes out looking
Bottom of the 9th over - 0 runs, 1 hit, 0 errors, 1 left on base; Idaho Falls 1 - Pueblo 0
Sunday, May 5th , 2024 - OOTP Baseball 24.11 Build 85